 Dungeon Crawl Stone Soup version 0.19.0-2-gae57169 (webtiles) character file.

394 Hanibal the Shield-Bearer (level 6, -9/58 HPs)
             Began as a Minotaur Fighter on Nov 6, 2016.
             Mangled by a chaos spawn (12 damage)
             ... on level 2 of the Abyss.
             The game lasted 00:04:34 (2322 turns).

Hanibal the Shield-Bearer (Minotaur Fighter)        Turns: 2322, Time: 00:04:34

Health: -9/58      AC:  9    Str: 24 (27) XL:     6   Next: 52%
Magic:  2/5        EV:  7    Int:  3 (5)  God:
Gold:   196        SH: 10    Dex: 10 (11) Spells: 0 memorised, 5 levels left

rFire  . . .     SeeInvis .     z - +7 mace "Oklek" {flame, +Blink Str+4}
rCold  . . .     Gourm    .     b - +0 scale mail
rNeg   . . .     Faith    .     c - +0 shield
rPois  .         Spirit   .     (helmet restricted)
rElec  .         Reflect  .     (no cloak)
rCorr  .         Harm     .     t - +0 pair of gloves
MR     .....                    s - +0 pair of boots {Fly}
Stlth  ..........               (no amulet)
                                (no ring)
                                (no ring)

@: exhausted, flying, slowed, drained, very slow
A: retaliatory headbutt, horns 2, rugged brown scales 1, mutation resistance 1,
strong 1
a: Evoke Blink, Stop Flying


You were on level 2 of the Abyss.
You were not hungry.

You visited 1 branch of the dungeon, and saw 4 of its levels.
You visited the Abyss 1 time.

You collected 196 gold pieces.

Inventory:

Hand Weapons
 a - a +0 long sword
 y - the +0 mace "Qacvack" {crush, +Rage}
   (You found it on level 4 of the Dungeon)

   It inflicts extra damage upon your enemies.
   It lets you go berserk.
 z - the +7 mace "Oklek" (weapon) {flame, +Blink Str+4}
   (You found it on level 4 of the Dungeon)

   It has been specially enchanted to burn those struck by it, causing extra
   injury to most foes and up to half again as much damage against particularly
   susceptible opponents.
   It affects your strength (+4).
   It lets you blink.
Armour
 b - a +0 scale mail (worn)
 c - a +0 shield (worn)
 s - a +0 pair of boots of flying (worn)
 t - a +0 pair of gloves (worn)
Jewellery
 h - an uncursed ring of wizardry {unknown}
 v - a +2 ring of intelligence {unknown}
Scrolls
 i - 5 scrolls of remove curse {unknown}
 j - a scroll of fear {unknown}
 n - a scroll of immolation {unknown}
 o - a scroll of random uselessness {unknown}
 q - 2 scrolls of identify {unknown}
 w - 4 scrolls of amnesia {unknown}
 A - a scroll of enchant weapon {unknown}
 B - a scroll of recharging {unknown}
Potions
 d - a potion of might
 e - a potion of haste {unknown}
 l - 2 potions of heal wounds {unknown}
 m - a potion of degeneration
 p - 2 potions of berserk rage
 u - 2 potions of mutation
 x - a potion of curing {unknown}
Comestibles
 f - 2 bread rations
 g - a meat ration
 k - 2 slices of pizza
 r - 4 chunks of flesh


   Skills:
 + Level 5.9(5.0) Fighting
 + Level 5.1(4.2) Long Blades
 - Level 3.6(2.7) Armour
 + Level 6.0(5.0) Shields


You had 5 spell levels left.
You didn't know any spells.

Dungeon Overview and Level Annotations

Branches:
Dungeon (4/15)
 Temple: D:4-7

Altars:
Ashenzari
Dithmenos
Gozag
Makhleb
Qazlal
Sif Muna
Vehumet

Annotations:
D:4 Edmund


Innate Abilities, Weirdness & Mutations

You reflexively headbutt those who attack you in melee.
You have a pair of horns on your head.
You are partially covered in rugged brown scales. (AC +1, +3% HP)
You are somewhat resistant to further mutation.
Your muscles are strong. (Str +2)


Message History

You feel a strong urge to attack something.
You feel your anger subside.
You are no longer berserk.
You are exhausted.
You feel yourself slow down.
A starcursed mass comes into view.
The chaos spawn hits you.
* * * LOW HITPOINT WARNING * * *
You feel drained.
Found a scroll labeled PEFITO LIMITAH.
Okay, then.
It was a potion of mutation.
You feel extremely strange.
Rugged brown scales grow over part of your body.
You feel stronger.
You feel genetically stable. The chaos spawn barely misses you.
It was a potion of degeneration.
There was something very wrong with that liquid.
You feel weakened.
You feel dopey.
You feel clumsy. The chaos spawn gores you!
You die...

#.. .. # #.### ....
.#. #.... ..... ....
#.# ...# ####. #
..... #.##..####.
... .....# ..#......
.#...
...X..#..#..##.#.#..
. #..#.. ...##..#..#
#4##.######. .. ..
#@#.......1.#.# .
#...###...#... ###.#
...#.#.
##...##.#####. ..?.
## ..# .... ...# #
.## #.###.##.# .# ##
#..# #..# #.## #. .
# . ### #.


You could see a chaos spawn.

Vanquished Creatures
  Grinder (D:4)
  A crimson imp (D:3)
  Crazy Yiuf (D:4)
  An iguana (D:4)
  5 adders
  An ooze (D:3)
  An adder skeleton (D:4)
  A worm (D:3)
  A dart slug (D:2)
  2 leopard geckos
  6 orcs
  6 bats
  A giant cockroach (D:2)
  6 hobgoblins
  5 frilled lizards
  5 goblins
  A jackal skeleton (D:4)
  4 kobolds
  9 rats
58 creatures vanquished.

Notes
Turn   | Place    | Note
-------+----------+-------------------------------------------
     0 | D:1      | Hanibal the Minotaur Fighter began the quest for the Orb.
     0 | D:1      | Reached XP level 1. HP: 19/19 MP: 0/0
   251 | D:1      | Reached XP level 2. HP: 27/27 MP: 1/1
   572 | D:2      | Reached skill level 4 in Shields
   708 | D:2      | Reached XP level 3. HP: 29/33 MP: 2/2
  1037 | D:3      | Reached XP level 4. HP: 39/41 MP: 3/3
  1311 | D:3      | Reached skill level 5 in Shields
  1785 | D:4      | Noticed Grinder
  1788 | D:4      | Paralysed by Grinder for 6 turns
  1797 | D:4      | Paralysed by Grinder for 3 turns
  1809 | D:4      | Killed Grinder
  1809 | D:4      | Reached skill level 5 in Fighting
  1809 | D:4      | Reached XP level 5. HP: 16/50 MP: 4/4
  1809 | D:4      | Reached XP level 6. HP: 18/57 MP: 5/5
  1985 | D:4      | Reached skill level 5 in Long Blades
  2026 | D:4      | Found a runed door.
  2071 | D:4      | Noticed Crazy Yiuf
  2079 | D:4      | Killed Crazy Yiuf
  2083 | D:4      | Got a crude mace
  2085 | D:4      | Got an encrusted mace
  2086 | D:4      | Identified the +7 mace "Oklek" {flame, +Blink Str+4} (You found it on level 4 of the Dungeon)
  2087 | D:4      | Identified the +0 mace "Qacvack" {crush, +Rage} (You found it on level 4 of the Dungeon)
  2158 | D:4      | Found a shattered altar of Ashenzari.
  2159 | D:4      | Found a stormy altar of Qazlal.
  2160 | D:4      | Found a deep blue altar of Sif Muna.
  2162 | D:4      | Found a burning altar of Makhleb.
  2162 | D:4      | Found a shadowy altar of Dithmenos.
  2168 | D:4      | Reached skill level 6 in Shields
  2172 | D:4      | Found a radiant altar of Vehumet.
  2172 | D:4      | Found an opulent altar of Gozag.
  2211 | D:4      | Noticed Edmund
  2218 | D:4      | Cast into level 2 of the Abyss (Edmund)
  2272 | Abyss:2  | Noticed a tentacled starspawn
  2277 | Abyss:2  | Found a corrupted altar of Lugonu.
  2297 | Abyss:2  | Noticed an ancient lich
  2301 | Abyss:2  | Noticed a chaos spawn
  2302 | Abyss:2  | Noticed a Tzitzimitl
  2310 | Abyss:2  | HP: 4/85 [chaos spawn (1)]
  2319 | Abyss:2  | Noticed a starcursed mass
  2321 | Abyss:2  | Gained mutation: You are partially covered in rugged brown scales. (AC +1, +3% HP) [potion of mutation]
  2321 | Abyss:2  | Gained mutation: Your muscles are strong. (Str +2) [potion of mutation]
  2321 | Abyss:2  | Gained mutation: You are somewhat resistant to further mutation. [potion of mutation]
  2322 | Abyss:2  | Mangled by a chaos spawn

Skill      XL: |  1  2  3  4  5  6 |
---------------+-------------------+-----
Fighting       | 4 5 |  5.9
Shields        | 4 5 6 |  6.0
Long Blades    | 3 4 5 |  5.1
Armour         | |  3.6

Action                   |  1- 3 |  4- 6 || total
-------------------------+-------+-------++-------
Melee: Long sword        |   102 |    56 ||   158
       Headbutt          |    12 |    13 ||    25
       Mace              |       |     9 ||     9
  Use: Potion            |       |     3 ||     3
  Eat: Chunk             |       |     5 ||     5
Armor: Scale mail        |    49 |    15 ||    64
Dodge: Dodged            |    31 |    17 ||    48
Block: Shield            |    47 |    27 ||    74
       Rpst.: Long sword |     3 |     3 ||     6
